 Dungeon Crawl Stone Soup version 0.29.0-4-gdea44cf6ec (webtiles) character file.

Game seed: 8287409851655654412

30 qw the Sneak (level 3, -1/23 HPs)
             Began as a Gargoyle Delver on Sept 10, 2022.
             Killed from afar by an orc wizard (6 damage)
             ... with a magic dart
             ... on level 4 of the Dungeon.
             The game lasted 00:00:04 (71 turns).

qw the Sneak (Gargoyle Delver)                        Turns: 71, Time: 00:00:05

Health: -1/23      AC:  6    Str: 17    XL:     3   Next: 18%
Magic:  3/3        EV: 11    Int: 10    God:
Gold:   0          SH:  0    Dex: 11    Spells: 2/2 levels left

rFire   . . .      SeeInvis .   a - +0 hand axe
rCold   . . .      Faith    .   (no shield)
rNeg    + . .      Spirit   .   b - +0 leather armour
rPois   inf        Reflect  .   (no helmet)
rElec   +          Harm     .   (no cloak)
rCorr   .          Rampage  .   (no gloves)
Will    .....                   (no boots)
Stlth   +.........              (no amulet)
HPRegen 0.07/turn               (no ring)
MPRegen 0.08/turn               (no ring)

@: confused
A: sickness immunity, AC +3, negative energy resistance 1, electricity
resistance, torment resistance 1, petrification resistance
a: no special abilities


You were on level 4 of the Dungeon.
You visited 1 branch of the dungeon, and saw 2 of its levels.


Innate Abilities, Weirdness & Mutations

You are immune to sickness and miasma.
Your stone body is resilient. (AC +3)
You are immune to poison.
You resist negative energy. (rN+)
You are resistant to electric shocks. (rElec)
You are resistant to unholy torment.
You are immune to petrification.


   Skills:
 - Level 3.2 Fighting
 + Level 3.2 Axes
 - Level 1.5 Dodging
 - Level 5.4 Stealth


You had 2 spell levels left.
You didn't know any spells.
Your spell library was empty.

Inventory:

Hand Weapons
 a - a +0 hand axe (weapon)
Armour
 b - a +0 leather armour (worn)
Wands
 g - a wand of digging (3)
Potions
 f - a potion of haste

Dungeon Overview and Level Annotations

Branches:
Dungeon (5/15)
 Temple: D:4-7

Altars:


Message History

The orc wizard flickers and vanishes!
Deactivating autopickup; reactivate with Ctrl-A.
The orc closely misses you.
You bump into the translucent rock wall.
You feel less confused.
You completely miss the orc. The orc hits you with a +0 mace.
You closely miss the orc. The orc misses you.
You hit the orc.
The orc is almost dead.
You barely miss something.
You hear some strange, mumbled words.
A magic dart appears from out of thin air!
The magic dart hits you. The orc misses you.
You barely miss the orc.
The orc is almost dead.
You hit something.
You hear some strange, mumbled words.
A puff of flame appears from out of thin air!
The puff of flame misses you.
You hit the orc.
You kill the orc!
You hit something. You hit the orc.
You hear some strange, mumbled words.
Something tries to affect you, but you resist.
The orc barely misses you. x2
You hear some strange, mumbled words.
You are confused.
You closely miss the orc.
The orc is heavily wounded.
You miss something. Something hits you.
You completely miss the orc.
The orc is heavily wounded.
You completely miss something.
You hear some strange, mumbled words.
A magic dart appears from out of thin air!
The magic dart hits you.
You die...

.. .. .. #..# # #.
#.o#.#### #.#.
..o#.#.. .###.#.
#..#...
.......##..#.######
##.#o@#.........#
##...{o##..#.#.#.#
#..#.#..)o.......#
#......##..#.#.#.#
#..#.#.##........# .
#......##..#.#.#.#.#
#.#.....#..........#
#.#.###.###.....## .
#.#.......>..##


You could see 2 orcs.

Vanquished Creatures
  An iguana (D:4)
  2 orcs (D:4)
  A giant cockroach (D:4)
4 creatures vanquished.

Notes
Turn   | Place    | Note
-------+----------+-------------------------------------------
     0 | D:5      | qw the Gargoyle Delver began the quest for the Orb.
     0 | D:5      | Reached XP level 1. HP: 14/14 MP: 1/1
     0 | D:5      | 0 ||| qw: Version: 0.1-a-116-g5d60599
     0 | D:5      | 0 ||| qw: Game counter: 8539
     0 | D:5      | 0 ||| qw: Always use a shield: true
     0 | D:5      | 0 ||| qw: God list: Okawaru
     0 | D:5      | 0 ||| qw: Allow faded altars: false
     0 | D:5      | 0 ||| qw: Do Orc after D:15 true
     0 | D:5      | 0 ||| qw: Do second Lair branch before Depths: true
     0 | D:5      | 0 ||| qw: Lair rune preference: random
     0 | D:5      | 0 ||| qw: Plans: Normal
     0 | D:5      | 0 ||| PLANNING D:1-11
    20 | D:5      | 20 ||| DROPPING scroll of fog.
    21 | D:5      | 21 ||| DROPPING scroll of magic mapping.
    22 | D:5      | 22 ||| DROPPING scroll of fear.
    31 | D:4      | Noticed an iguana
    32 | D:4      | 32 ||| Stepping randomly (stuck).
    37 | D:4      | 37 ||| Stepping randomly (stuck).
    43 | D:4      | Killed an iguana
    44 | D:4      | Reached skill level 3 in Axes
    44 | D:4      | Reached XP level 2. HP: 19/19 MP: 2/2
    44 | D:4      | Reached XP level 3. HP: 23/23 MP: 3/3
    48 | D:4      | 48 ||| Stepping ~*~*~tactically~*~*~ (hiding).
    50 | D:4      | 50 ||| Stepping ~*~*~tactically~*~*~ (hiding).
    67 | D:4      | HP: 5/23 [something/magic dart (4)]
    71 | D:4      | Killed from afar by an orc wizard

Levels and vault maps discovered:
D:4:      layout_basic, serial_glass, glass_columns_b, glass_columns_c,
          glass_columns_a, glass_columns_a
D:5:      layout_loops_cross, minmay_temple_entry_poolview, st_stairs_8,
          minivault_4, saegor_snake_ambush

Skill      XL: |  1 |
---------------+----+-----
Axes           | 3 |  3.2
Fighting       | |  3.2
Dodging        | |  1.5
Stealth        | |  5.4

Action                   || total
-------------------------++-------
Melee: Hand axe          ||    19
Armor: Leather armour    ||     1
Dodge: Dodged            ||    12

Table legend:
 A = Non-vault XP
 B = Vault XP
 C = Vault XP percentage of total XP
 D = Non-vault monster count
 E = Vault monster count
 F = Vault count percentage of total count
                 A         B        C        D         E       F
            +---------+---------+-------+---------+---------+-------
      Total |      43 |       0 |   0.0 |       4 |       0 |   0.0
            +---------+---------+-------+---------+---------+-------
        D:4 |      43 |       0 |   0.0 |       4 |       0 |   0.0
            +---------+---------+-------+---------+---------+-------
